 Dungeon Crawl Stone Soup version 0.28.0-49-g6dfe1f597d (webtiles) character file.

Game seed: 10197803650612872897

151 Zeld the Conjurer (level 5, -2/42 HPs)
             Began as a Draconian Conjurer on May 16, 2022.
             Was an Initiate of Vehumet.
             Slain by a river rat (8 damage)
             ... on level 4 of the Dungeon.
             The game lasted 00:04:30 (3864 turns).

Zeld the Conjurer (Draconian Conjurer)              Turns: 3864, Time: 00:04:31

Health: -2/42      AC:  8    Str:  9    XL:     5   Next: 11%
Magic:  0/9        EV: 12    Int: 21    God:    Vehumet [......]
Gold:   133        SH:  5    Dex:  9    Spells: 7/10 levels left

rFire   . . .      SeeInvis .   (no weapon)
rCold   . . .      Faith    .   (no shield)
rNeg    . . .      Spirit   .   (armour unavailable)
rPois   .          Reflect  +   (helmet restricted)
rElec   .          Harm     .   d - +2 cloak
rCorr   .          Rampage  .   (no gloves)
Will    .....                   (no boots)
Stlth   ++........              h - amulet of reflection
HPRegen 0.14/turn               (no ring)
MPRegen 0.11/turn               (no ring)

@: no status effects
A: AC +5, unfitting armour, cold-blooded
a: Renounce Religion


You were on level 4 of the Dungeon.
You worshipped Vehumet.
Vehumet was noncommittal.
You visited 2 branches of the dungeon, and saw 5 of its levels.

You collected 133 gold pieces.

Inventory:

Armour
 d - a +2 cloak (worn)
Jewellery
 h - an amulet of reflection (around neck)
Wands
 l - a wand of acid (9)
Scrolls
 c - 3 scrolls of identify {unknown}
 e - a scroll of teleportation {unknown}
 f - a scroll of summoning {unknown}
 g - a scroll of blinking {unknown}
Potions
 a - 2 potions of lignification {unknown}
 b - a potion of degeneration {unknown}
 i - a potion of attraction {unknown}
 j - a potion of might {unknown}
 k - a potion of mutation {unknown}
 m - 2 potions of brilliance {unknown}


   Skills:
 * Level 2.5 Fighting
 + Level 2.3 Dodging
 + Level 2.3 Stealth
 * Level 3.1 Spellcasting
 * Level 4.6 Conjurations


You had 7 spell levels left.
You knew the following spells:

 Your Spells              Type           Power      Damage    Failure   Level
a - Magic Dart            Conj           88%        1d7       1%          1
b - Searing Ray           Conj           44%        2d6       3%          2

Your spell library contained the following spells:

 Spells                   Type           Power      Damage    Failure   Level
 Dazzling Flash           Conj/Hex       26%        N/A       16%         3
 Corpse Rot               Necr/Air       6%         N/A       21%         2
 Poisonous Vapours        Pois/Air       6%         N/A       21%         2
 Fulminant Prism          Conj/Hex       6%         3d7       45%         4
 Iskenderun's Mystic Bla  Conj/Tloc      13%        2d5       45%         4


Dungeon Overview and Level Annotations

Branches:
Dungeon (4/15)             Temple (1/1) D:4

Altars:
Ashenzari
Cheibriados
Dithmenos
Elyvilon
Fedhas
Gozag
Hepliaklqana
Kikubaaqudgha
Nemelex Xobeh
Okawaru
Qazlal
Ru
Sif Muna
Trog
Uskayaw
Vehumet
Wu Jian
Xom
Yredelemnul
Zin
The Shining One

Portals:
Sewer: D:4


Innate Abilities, Weirdness & Mutations

Your plain brown scales are hard. (AC +5)
You cannot fit into any form of body armour.
You are cold-blooded and may be slowed by cold attacks.


Message History

Casting: Magic Dart (safe; 1% risk of failure)
Confirm with . or Enter, or press ? or * to list all spells.
Aiming: Magic Dart (safe; 1% risk of failure)
Press: ? - help, Shift-Dir - straight line, f/p - river rat
Aim: a river rat (almost dead, 100% to hit)
The magic dart hits the river rat but does no damage.
The river rat is almost dead.
You block the river rat's attack.
Unknown command.
You hit the hobgoblin.
The hobgoblin is moderately wounded.
The river rat barely misses you. The hobgoblin closely misses you.
You hit the hobgoblin but do no damage.
The hobgoblin is moderately wounded.
The river rat completely misses you. You block the hobgoblin's attack.
You closely miss the hobgoblin. You tail-slap the hobgoblin.
The hobgoblin is severely wounded.
You block the river rat's attack. The hobgoblin hits you.
* * * LOW HITPOINT WARNING * * *
Casting: Magic Dart (safe; 1% risk of failure)
Confirm with . or Enter, or press ? or * to list all spells.
Aiming: Magic Dart (safe; 1% risk of failure)
Press: ? - help, Shift-Dir - straight line, f/p - river rat
Aim: a river rat (almost dead, 100% to hit)
The magic dart hits the river rat but does no damage.
The river rat is almost dead.
The river rat misses you.
The hobgoblin hits you but does no damage.
You hit the hobgoblin but do no damage.
The hobgoblin is severely wounded.
The river rat barely misses you.
The hobgoblin hits you but does no damage.
You hit the hobgoblin but do no damage.
The hobgoblin is severely wounded.
The river rat bites you but does no damage.
You block the hobgoblin's attack.
You closely miss the hobgoblin.
The hobgoblin is severely wounded.
The river rat bites you!
You die...

.........)..##......
....................
....................
...............h....
........$...........
.............o......
#...####..og.####..
#...#
#####o###########
....# #goor@g......
##### #############


You could see a river rat, 3 orcs and 2 hobgoblins.

Vanquished Creatures
  An orc priest (D:3)
  A river rat (D:4)
  3 adders
  A worm (D:3)
  A dart slug (D:3)
  6 orcs
  7 bats
  8 endoplasms
  3 giant cockroaches
  3 goblins
  8 hobgoblins
  6 ball pythons
  3 frilled lizards
  6 kobolds
  20 rats
77 creatures vanquished.

Notes
Turn   | Place    | Note
-------+----------+-------------------------------------------
     0 | D:1      | Zeld the Draconian Conjurer began the quest for the Orb.
     0 | D:1      | Reached XP level 1. HP: 14/14 MP: 3/3
   496 | D:1      | Reached XP level 2. HP: 22/22 MP: 1/5
   617 | D:1      | Learned a level 2 spell: Searing Ray
   619 | D:1      | Reached skill level 1 in Fighting
  1655 | D:2      | Reached XP level 3. HP: 28/28 MP: 3/6
  2853 | D:3      | Reached XP level 4. HP: 36/36 MP: 6/8
  3582 | D:4      | Found a staircase to the Ecumenical Temple.
  3609 | Temple   | Entered the Ecumenical Temple
  3631 | Temple   | Became a worshipper of Vehumet
  3759 | D:4      | Reached XP level 5. HP: 40/42 MP: 2/9
  3768 | D:4      | Found a glowing drain.
  3864 | D:4      | Slain by a river rat

Illustrated notes

Levels and vault maps discovered:
D:1:      mushboom_english_gardens, layout_loops_corners, minmay_tetromino_o2
D:2:      layout_loops_ring, hex_large, st_stairs_9, minmay_rat_gold_closets
D:3:      layout_rooms, minmay_close_crescents
D:4:      layout_basic, temple_pool_b, gammafunk_ghost_necromancy,
          portal_sewer_entry_b
Temple:   grunt_wide_crystal_templ

Skill      XL: |  1  2  3  4 |
---------------+-------------+-----
Fighting       | 1 2 |  2.5
Dodging        | 2 |  2.3
Stealth        | 2 |  2.3
Spellcasting   | 3 |  3.1
Conjurations   | |  4.6

Action                   |  1- 3 |  4- 6 || total
-------------------------+-------+-------++-------
Melee: Unarmed           |     8 |    55 ||    63
       Great mace        |    18 |       ||    18
       Tailslap          |     1 |     5 ||     6
       Punch             |       |     1 ||     1
 Cast: Magic Dart        |    92 |    27 ||   119
       Searing Ray       |     1 |     9 ||    10
Armor: Skin              |    45 |    21 ||    66
Dodge: Dodged            |    77 |    44 ||   121
Block: Other             |       |    17 ||    17
